 Dungeon Crawl Stone Soup version 0.23.2 (webtiles) character file.

Game seed: 17926285392743178361

140 redwoodhats the Ruffian (level 5, -3/40 (42) HPs)
             Began as a Ghoul Warper on Apr 1, 2019.
             Slain by a worker ant (5 damage)
             ... on level 4 of the Dungeon.
             The game lasted 00:16:16 (3039 turns).

redwoodhats the Ruffian (Ghoul Warper)              Turns: 3039, Time: 00:16:17

HP:   -3/40 (42)    AC:  3    Str: 15    XL:     5   Next: 23%
MP:   0/7           EV: 12    Int:  9    God:
Gold: 70            SH:  0    Dex:  8    Spells: 2/8 levels left

rFire    . . .     SeeInvis .     - Unarmed
rCold    + . .     Gourm    .   (no shield)
rNeg     + + +     Faith    .   a - +0 leather armour
rPois    ∞         Spirit   +   (no helmet)
rElec    .         Reflect  .   o - scarf {Spirit}
rCorr    .         Harm     .   (no gloves)
MR       .....                  (no boots)
Stlth    ++........             (no amulet)
HPRegen  0.00/turn              g - ring of stealth
MPRegen  0.10/turn              (no ring)

@: rotting
A: rotting body, claws 1, carnivore, cold resistance 1, negative energy
resistance 3, inhibited regeneration, torment resistance, unbreathing
a: no special abilities


You were on level 4 of the Dungeon.
You were not hungry.

You visited 1 branch of the dungeon, and saw 4 of its levels.

You collected 70 gold pieces.

Inventory:

Hand Weapons
 b - a +0 flail of crushing
Missiles
 d - 5 tomahawks of dispersal (quivered)
 k - 4 tomahawks
 q - a throwing net
Armour
 a - a +0 leather armour (worn)
 i - a +0 cloak
 o - a scarf of spirit shield (worn)
Jewellery
 g - a ring of stealth (left claw)
 u - a +4 ring of strength {unknown}
Scrolls
 c - 4 scrolls of blinking
 e - 2 scrolls of remove curse
 h - a scroll of noise
 l - 2 scrolls of identify
 m - 3 scrolls of amnesia
 n - a scroll of teleportation
Potions
 j - a potion of mutation
 p - a potion of heal wounds
 v - a potion of ambrosia
Comestibles
 f - 7 rations


   Skills:
 + Level 2.7 Fighting
 + Level 0.4 Maces & Flails
 + Level 1.0 Throwing
 + Level 2.0 Armour
 + Level 2.5 Dodging
 + Level 1.4 Stealth
 + Level 3.4 Unarmed Combat
 + Level 2.1 Spellcasting
 + Level 0.4 Conjurations
 + Level 2.6 Translocations


You had 2 spell levels left.
You knew the following spells:

 Your Spells              Type           Power        Failure   Level  Hunger
a - Blink                 Tloc           N/A          21%         2    ###....
b - Shroud of Golubria    Chrm/Tloc      #.........   34%         2    ###....
c - Throw Flame           Conj/Fire      #.....       50%         2    ###....

Your spell library contained the following spells:

 Spells                   Type           Power        Failure   Level  Hunger
 Flame Tongue             Conj/Fire      #....        36%         1    ##.....
 Gell's Gravitas          Tloc           #.........   38%         3    ####...
 Lesser Beckoning         Tloc           #.........   38%         3    ####...
 Teleport Other           Tloc           #.......     38%         3    ####...
 Conjure Flame            Conj/Fire      #.......     73%         3    ####...
 Inner Flame              Hex/Fire       #.......     77%         3    ####...
 Passage of Golubria      Tloc           N/A          80%         4    #####..
 Sticky Flame             Conj/Fire      #.......     98%         4    #####..
 Fireball                 Conj/Fire      #.........   100%        5    ######.


Dungeon Overview and Level Annotations

Branches:
Dungeon (4/15)
 Temple: D:4-7

Altars:


Innate Abilities, Weirdness & Mutations

Your body is rotting away.
You thrive on raw meat.
You are immune to poison.
You have sharp fingernails.
You are carnivorous and can eat meat at any time.
Your flesh is cold resistant. (rC+)
You are immune to negative energy. (rN+++)
You do not regenerate when monsters are visible.
You are immune to unholy pain and torment.
You can survive without breathing.


Message History

The worker ant is severely wounded.
The worker ant waves its antennae.
The worker ant bites you.
* * * LOW HITPOINT WARNING * * *
Your magical contamination has completely faded away.
You scratch the worker ant but do no damage.
The worker ant is severely wounded.
The worker ant bites you.
* * * LOW HITPOINT WARNING * * *
You completely miss the worker ant.
The worker ant is severely wounded.
The worker ant barely misses you.
You scratch the worker ant but do no damage.
The worker ant is severely wounded.
The worker ant bites you.
* * * LOW HITPOINT WARNING * * *
You barely miss the worker ant.
The worker ant is severely wounded.
The worker ant bites you.
You die...

## #### ##.. ##..##
#...###....###
#........Oa@#
#........##..#
#........# #.#
####.......## ..##
............####...
.................###
###............##
#...........##
#.......<....#


You could see an ogre and a worker ant.

Vanquished Creatures
  4 adders
  4 worms
  2 dart slugs (D:1)
  5 leopard geckos
  7 orcs (D:3)
  11 bats
  5 giant cockroaches (D:2)
  8 goblins
  7 hobgoblins
  A quokka (D:2)
  3 ball pythons (D:1)
  4 frilled lizards
  8 kobolds
  6 rats
75 creatures vanquished.

Notes
Turn   | Place    | Note
-------+----------+-------------------------------------------
     0 | D:1      | redwoodhats the Ghoul Warper began the quest for the Orb.
     0 | D:1      | Reached XP level 1. HP: 17/17 MP: 2/2
   312 | D:1      | Reached XP level 2. HP: 25/25 MP: 4/4
   343 | D:1      | Reached skill level 1 in Armour
   489 | D:1      | Reached skill level 1 in Throwing
   507 | D:1      | Reached XP level 3. HP: 30/30 MP: 5/5
   778 | D:1      | Learned a level 2 spell: Blink
   781 | D:1      | Learned a level 2 spell: Shroud of Golubria
  1289 | D:2      | Reached skill level 3 in Unarmed Combat
  1341 | D:2      | Reached XP level 4. HP: 17/37 MP: 3/6
  1792 | D:2      | Learned a level 2 spell: Throw Flame
  2121 | D:3      | Reached skill level 1 in Stealth
  2530 | D:3      | Reached XP level 5. HP: 42/42 MP: 2/7
  3005 | D:4      | Noticed an ogre
  3038 | D:4      | HP: 2/40 [worker ant (3)]
  3039 | D:4      | Slain by a worker ant

Skill      XL: |  1  2  3  4  5 |
---------------+----------------+-----
Spellcasting   | 2 |  2.1
Dodging        | 2 |  2.5
Armour         | 1 2 |  2.0
Throwing       | 1 |  1.0
Unarmed Combat | 3 |  3.4
Stealth        | 1 |  1.4
Fighting       | |  2.7
Maces & Flails | |  0.4
Conjurations   | |  0.4
Translocations | |  2.6

Action                   |  1- 3 |  4- 6 || total
-------------------------+-------+-------++-------
Melee: Unarmed           |   125 |   113 ||   238
       Flail             |       |    53 ||    53
       Punch             |       |     1 ||     1
 Cast: Blink             |     2 |     6 ||     8
       Throw Flame       |       |    13 ||    13
       Shroud of Golubri |       |     3 ||     3
  Use: Potion            |     3 |     4 ||     7
       Scroll            |     3 |     2 ||     5
 Stab: Sleeping          |       |     7 ||     7
  Eat: Chunk             |    11 |     9 ||    20
Armor: Leather armour    |    52 |    47 ||    99
Dodge: Dodged            |   101 |   120 ||   221
